 Dungeon Sprint DCSS version 0.26-a0-667-g92642533e4 (webtiles) character file.

Game seed: 14739402913507891403

418 mhtbhm the Geomancer (level 6, -1/32 HPs)
             Began as a Deep Elf Earth Elementalist on Oct 17, 2020.
             Was a Follower of Vehumet.
             Slain by an orc warrior
             ... wielding a +0 short sword
              (17 damage)
             ... in the Dungeon (Sprint IX: "|||||||||||||||||||||||||||||").
             The game lasted 00:02:03 (322 turns).

mhtbhm the Geomancer (Deep Elf Earth Elementalist)   Turns: 322, Time: 00:02:03

Health: -1/32      AC:  4    Str:  5    XL:     6   Next: 61%
Magic:  4/22       EV: 19    Int: 22    God:    Vehumet [*.....]
Gold:   0          SH:  0    Dex: 18    Spells: 21/27 levels left

rFire    . . .     SeeInvis .   m - +2 rapier (venom)
rCold    . . .     Faith    .   (no shield)
rNeg     . . .     Spirit   .   c - +0 robe
rPois    .         Reflect  .   (no helmet)
rElec    .         Harm     .   o - +0 cloak
rCorr    .         Rampage  .   n - +0 pair of gloves
MR       .....     NoTele   +   (no boots)
Stlth    ++........             (no amulet)
HPRegen  0.10/turn              p - +2 ring of evasion
MPRegen  0.18/turn              q - +3 ring of dexterity

@: no status effects
A: no striking features
a: Renounce Religion


You were in the Dungeon.
You worshipped Vehumet.
Vehumet was aware of your devotion.
You visited 1 branch

Inventory:

Hand Weapons
 m - a +2 rapier of venom (weapon)
Armour
 c - a +0 robe (worn)
 n - a +0 pair of gloves (worn)
 o - a +0 cloak (worn)
Jewellery
 p - a +2 ring of evasion (left hand)
 q - a +3 ring of dexterity (right hand)
Wands
 l - a wand of iceblast (10)
Scrolls
 i - 2 scrolls of blinking
 j - 3 scrolls of remove curse
 k - 2 scrolls of amnesia
Potions
 a - a potion of invisibility
 d - 5 potions of curing
 e - 2 potions of heal wounds
 f - a potion of haste
 g - 4 potions of magic
 h - a potion of berserk rage


   Skills:
 + Level 6.5 Dodging
 - Level 2.7 Stealth
 + Level 11.3 Spellcasting
 + Level 1.6 Transmutations
 + Level 11.4 Earth Magic


You had 21 spell levels left.
You knew the following spells:

 Your Spells              Type           Power        Failure   Level
a - Sandblast             Erth           ######       1%          1
b - Passwall              Tmut/Erth      #####...     1%          2
c - Stone Arrow           Conj/Erth      #####.       1%          3

Your spell library contained the following spells:

 Spells                   Type           Power        Failure   Level
 Freeze                   Ice            ##..         5%          1
 Lee's Rapid Deconstruct  Erth           ######....   1%          5
 Petrify                  Tmut/Erth      #####...     3%          4


Dungeon Overview and Level Annotations

Branches:
Dungeon (1/1)

Altars:
Cheibriados
Dithmenos
Elyvilon
Fedhas
Gozag
Hepliaklqana
Kikubaaqudgha
Makhleb
Nemelex Xobeh
Okawaru
Qazlal
Ru
Sif Muna
Trog
Uskayaw
Vehumet
Wu Jian
Xom
Yredelemnul
Zin
The Shining One
Beogh
Jiyva
Lugonu


Message History

Confirm with . or Enter, or press ? or * to list all spells.
Aiming: Sandblast (safe; 1% risk of failure)
Press: ? - help, Shift-Dir - straight line, f/p - orc warrior
Aim: an orc warrior, wielding a +0 short sword and wearing a +0 plate armour (heavily wounded)
The blast of sand hits the orc warrior but does no damage.
The orc warrior is heavily wounded.
b - a stone The orc warrior hits you with a +0 short sword!
Unknown command.
Casting: Sandblast (safe; 1% risk of failure)
Confirm with . or Enter, or press ? or * to list all spells.
Aiming: Sandblast (safe; 1% risk of failure)
Press: ? - help, Shift-Dir - straight line, f/p - orc warrior
Aim: an orc warrior, wielding a +0 short sword and wearing a +0 plate armour (heavily wounded)
The blast of sand hits the orc warrior.
The orc warrior is heavily wounded.
You now have no stones remaining.
The orc warrior hits you with a +0 short sword!
Ouch! That really hurt!
You die...

▓.▓
▓.▓
▓)▓
▓(▓
▓.▓
▓.▓
▓[▓
▓.▓
▓@▓
▓o▓
▓Z▓
▓.▓
▓.▓
▓.▓
▓.▓
▓.▓


You could see an orc warrior and a jackal skeleton.

Vanquished Creatures
  An orc warrior (D)
  A black bear (D)
  A phantom (D)
  A big kobold (D)
  A bullfrog (D)
  A gnoll (D)
  An adder zombie (D)
  A leopard gecko (D)
  An orc (D)
  2 goblins (D)
  2 hobgoblins (D)
  A kobold (D)
14 creatures vanquished.

Notes
Turn   | Place    | Note
-------+----------+-------------------------------------------
     0 | D        | mhtbhm the Deep Elf Earth Elementalist began the quest for
                  | the Orb.
     0 | D        | Reached XP level 1. HP: 10/10 MP: 6/6
   105 | D        | Noticed a phantom
   106 | D        | Reached XP level 2. HP: 15/15 MP: 6/8
   115 | D        | Reached skill level 5 in Earth Magic
   129 | D        | Killed a phantom
   129 | D        | Reached XP level 3. HP: 14/19 MP: 0/13
   129 | D        | Reached XP level 4. HP: 18/24 MP: 0/15
   243 | D        | Learned a level 2 spell: Passwall
   247 | D        | Learned a level 3 spell: Stone Arrow
   249 | D        | Found a roughly hewn altar of Beogh.
   249 | D        | Found a snail-covered altar of Cheibriados.
   249 | D        | Found a shadowy altar of Dithmenos.
   249 | D        | Found a white marble altar of Elyvilon.
   249 | D        | Found a blossoming altar of Fedhas.
   249 | D        | Found an opulent altar of Gozag.
   250 | D        | Found a hazy altar of Hepliaklqana.
   251 | D        | Found a viscous altar of Jiyva.
   252 | D        | Found an ancient bone altar of Kikubaaqudgha.
   253 | D        | Found a corrupted altar of Lugonu.
   254 | D        | Found a burning altar of Makhleb.
   255 | D        | Found a sparkling altar of Nemelex Xobeh.
   256 | D        | Found an iron altar of Okawaru.
   257 | D        | Found a stormy altar of Qazlal.
   258 | D        | Found a sacrificial altar of Ru.
   259 | D        | Found a shimmering blue altar of Sif Muna.
   260 | D        | Found a bloodstained altar of Trog.
   261 | D        | Found a hide-covered altar of Uskayaw.
   262 | D        | Found a radiant altar of Vehumet.
   263 | D        | Found an ornate altar of the Wu Jian Council.
   264 | D        | Found a shimmering altar of Xom.
   265 | D        | Found a basalt altar of Yredelemnul.
   266 | D        | Found a glowing silver altar of Zin.
   267 | D        | Found a glowing golden altar of the Shining One.
   270 | D        | Became a worshipper of Vehumet
   308 | D        | Noticed a bullfrog
   308 | D        | Noticed a big kobold
   308 | D        | Noticed an orc warrior
   308 | D        | Noticed a black bear
   308 | D        | Noticed an orc warrior
   310 | D        | Killed a bullfrog
   310 | D        | Reached skill level 5 in Dodging
   310 | D        | Reached XP level 5. HP: 28/28 MP: 13/17
   313 | D        | Reached skill level 10 in Earth Magic
   316 | D        | Killed an orc warrior
   316 | D        | Reached * piety under Vehumet
   316 | D        | Offered knowledge of Freeze by Vehumet.
   316 | D        | Reached skill level 10 in Spellcasting
   316 | D        | Reached XP level 6. HP: 20/32 MP: 8/21
   322 | D        | Slain by an orc warrior

Illustrated notes

Levels and vault maps discovered:
D:        linesprint [early_d, line_temple, items_1, d_10, items_2, lair_1,
          lair_end, items_3, orc_1, orc_end, items_4, d_15, swamp_1, shoals_1,
          snake_1, spider_1, d_20, vaults_1, items_5, swamp_end, shoals_end,
          snake_end, spider_end, vaults_end, d_27, items_6, zot_1, zot_end,
          crypt_end, forest_end, elf_end, slime_end, tomb_end, abyss_end,
          pan_hell_end]

Skill      XL: |  1  2  3  4  5  6 |
---------------+-------------------+-----
Earth Magic    | 4 8 9 10 11 | 11.4
Dodging        | 3 4 5 6 |  6.5
Spellcasting   | 7 8 10 11 | 11.3
Stealth        | |  2.7
Transmutations | |  1.6

Action                   |  1- 3 |  4- 6 || total
-------------------------+-------+-------++-------
Melee: Unarmed           |     4 |       ||     4
 Cast: Sandblast         |    15 |    15 ||    30
  Use: Potion            |       |     1 ||     1
Armor: Robe              |     1 |     2 ||     3
Dodge: Dodged            |     8 |     9 ||    17

Table legend: (Time is in decaauts)
 A = Elapsed time spent in this place.
 B = Non-inter-level travel time spent in this place.
 C = Inter-level travel time spent in this place.
 D = Time resting spent in this place.
 E = Time spent auto-exploring this place.
 F = Levels seen in this place.
 G = Mean time per level.
                   A        B        C        D        E       F      G
               +--------+--------+--------+--------+--------+-----+--------+
         Total |    320 |    320 |      0 |    179 |      3 |   1 |  320.0 |
       Dungeon |    320 |    320 |      0 |    179 |      3 |   1 |  320.0 |
               +--------+--------+--------+--------+--------+-----+--------+

Top non-repeatable levels by time:
       D: 320 daAuts
